 Dungeon Crawl Stone Soup version 0.26.1-11-gd32895ea62 (webtiles) character file.

Game seed: 14848913121209508481

75 Zeld the Twirler (level 4, 0/29 HPs)
             Began as an Octopode Gladiator on May 22, 2021.
             Succumbed to an adder's poison
             ... on level 2 of the Dungeon.
             The game lasted 00:01:09 (1609 turns).

Zeld the Twirler (Octopode Gladiator)               Turns: 1609, Time: 00:01:10

Health: 0/29       AC:  1    Str: 14    XL:     4   Next: 31%
Magic:  4/4        EV: 14    Int: 10    God:
Gold:   60         SH:  0    Dex: 13    Spells: 3/3 levels left

rFire    . . .     SeeInvis .   a - +0 quarterstaff
rCold    . . .     Faith    .   (shield currently unavailable)
rNeg     . . .     Spirit   .   b - +0 hat
rPois    .         Reflect  .   (no amulet)
rElec    .         Harm     .   (no ring)
rCorr    .         Rampage  .   (no ring)
Will     .....                  (no ring)
Stlth    ++........             (no ring)
HPRegen  0.09/turn              (no ring)
MPRegen  0.09/turn              (no ring)
                                (no ring)
                                (no ring)

@: brilliant, lethally poisoned (0 -> -2), flying
A: almost no armour, stealthy swim, amphibious, 8 rings, constrict 8, camouflage
1, gelatinous body 1
a: no special abilities


You were on level 2 of the Dungeon.
You visited 1 branch of the dungeon, and saw 2 of its levels.

You collected 60 gold pieces.

Inventory:

Hand Weapons
 a - a +0 quarterstaff (weapon)
Missiles
 c - 5 throwing nets (quivered)
Armour
 b - a +0 hat (worn)
Jewellery
 m - an uncursed ring of ice {unknown}
Scrolls
 f - a scroll of magic mapping {unknown}
 g - a scroll of teleportation {unknown}
 l - a scroll of immolation {unknown}
 o - a scroll of amnesia {unknown}
 p - 2 scrolls of identify {unknown}
 q - a scroll of blinking {unknown}
 r - a scroll of remove curse {unknown}
Potions
 e - a potion of brilliance
 i - a potion of attraction {unknown}
 j - a potion of ambrosia {unknown}
 k - a potion of heal wounds {unknown}
 n - a potion of lignification {unknown}


   Skills:
 - Level 2.0 Fighting
 * Level 5.0 Staves
 - Level 2.0 Throwing
 - Level 3.0 Dodging


You had 3 spell levels left.
You didn't know any spells.
Your spell library was empty.

Dungeon Overview and Level Annotations

Branches:
Dungeon (2/15)

Altars:


Innate Abilities, Weirdness & Mutations

You cannot wear most types of armour.
You are very stealthy in the water. (Stealth+)
You are amphibious.
You can wear up to eight rings at the same time.
You can use your tentacles to constrict eight enemies at once.
Your skin changes colour to match your surroundings (Stealth+).
Your rubbery body absorbs attacks. (AC +1, EV +1)


Message History

You kill the adder!
The adder bites you.
* * * LOW HITPOINT WARNING * * *
The adder bites you.
* * * LOW HITPOINT WARNING * * *
You are lethally poisoned!
The adder poisons you!
Your Staves skill increases to level 5!
You closely miss the adder. Your grab misses the adder.
* * * LOW HITPOINT WARNING * * *
You feel sick. The adder barely misses you.
Unknown command.
It was a potion of brilliance.
You feel clever all of a sudden. The adder bites you but does no damage.
It was a potion of flight.
You feel very buoyant.
You fly up into the air.
The adder closely misses you. x2
It was a potion of magic.
Magic courses through your body.
You die...

...#......)...
...+..........
...##+####.... ...##.#
#.#.. ... #.# #.###
########.. #.# #.#
#......†#####.####.#
#...S...........##.#
#....@..#####.#.##.###
#.......### #...##....
#.##############..##....
#....# #..##....
##....####.##...(
#.....'....##....
#.....####.##....
#.....# #.##.... #.....#
#.##....


You could see an adder.

Vanquished Creatures
  2 adders (D:2)
  An ooze (D:1)
  A worm (D:2)
  A leopard gecko (D:2)
  3 giant cockroaches
  3 goblins (D:2)
  7 hobgoblins
  7 jackals (D:2)
  A quokka (D:2)
  4 bats
  2 frilled lizards (D:1)
  9 kobolds
  5 rats
46 creatures vanquished.

Notes
Turn   | Place    | Note
-------+----------+-------------------------------------------
     0 | D:1      | Zeld the Octopode Gladiator began the quest for the Orb.
     0 | D:1      | Reached XP level 1. HP: 14/14 MP: 1/1
    45 | D:1      | Reached XP level 2. HP: 7/19 MP: 2/2
   764 | D:1      | Reached skill level 4 in Staves
   968 | D:2      | Reached XP level 3. HP: 24/24 MP: 3/3
  1469 | D:2      | Reached XP level 4. HP: 24/29 MP: 4/4
  1606 | D:2      | Reached skill level 5 in Staves
  1606 | D:2      | HP: 1/29 [poisoned by an adder]
  1609 | D:2      | Succumbed to an adder's poison

Illustrated notes

Levels and vault maps discovered:
D:1:      saegor_arrival_simple_e, layout_basic
D:2:      layout_basic

Skill      XL: |  1  2  3  4 |
---------------+-------------+-----
Staves         | 4 5 |  5.0
Fighting       | |  2.0
Throwing       | |  2.0
Dodging        | |  3.0

Action                   |  1- 3 |  4- 6 || total
-------------------------+-------+-------++-------
Melee: Quarterstaff      |    73 |     9 ||    82
       Tentacles         |    18 |     3 ||    21
       Constrict         |    19 |     3 ||    22
  Use: Potion            |       |     3 ||     3
 Stab: Sleeping          |     4 |       ||     4
Armor: Skin              |     7 |     3 ||    10
Dodge: Dodged            |    67 |     9 ||    76
